Map: 普罗西玛空间站 - 天梯版

Players

TooDming - Winner!

  • Race: Zerg Zerg
  • Spawn Location: 7:00

HeltEn

  • Race: Terran Terran
  • Spawn Location: 1:00

Event: WCS Austin 2017

VOD

Have the link to the VOD?

Description

Time

  • Played on: April 28, 2017, 3:15 p.m.
  • Length: 11:36

All games in this series

Show
View Real Time Build Order
Export as new Build Order

TooDming Zerg - Winner!

Build Orders: Pool First, Muta Ling Bane 

Get SALT Encoding   

  12  0:01  Drone  
  13  0:12  Overlord  
  13  0:17  Drone  
  14  0:31  Drone x2  
  14  0:35  Drone  
  17  0:45  Spawning Pool  
  17  0:47  Drone  
  17  1:10  Hatchery  
  17  1:11  Drone  
  17  1:14  Drone  
  17  1:18  Drone  
  19  1:31  Queen  
  19  1:32  Zergling x2  
  22  1:39  Overlord  
  22  1:55  Hatchery  
  22  2:00  Drone, Extractor  
  21  2:03  Drone  
  22  2:13  Queen  
  24  2:22  Queen  
  24  2:25  Drone  
  27  2:32  Drone x2  
  27  2:35  Drone  
  30  2:41  Drone  
  30  2:48  Spore Crawler  
  30  2:49  Drone  
  30  2:56  Drone x2  
  30  2:57  Drone  
  32  3:04  Overlord  
  32  3:05  Metabolic Boost  
  33  3:09  Drone  
  33  3:12  Drone  
  35  3:17  Drone  
  35  3:19  Drone x2  
  38  3:22  Drone  
  38  3:26  Drone  
  41  3:27  Drone  
  41  3:28  Drone  
  41  3:33  Overlord  
  42  3:35  Drone  
  42  3:36  Drone  
  42  3:38  Drone  
  45  3:41  Drone x2  
  47  3:49  Overlord  
  47  3:51  Drone x3  
  47  3:52  Drone  
  47  3:54  Drone  
  52  3:57  Overlord  
  52  4:03  Queen  
  52  4:05  Queen  
  56  4:11  Queen  
  56  4:15  Evolution Chamber  
  57  4:17  Evolution Chamber  
  57  4:19  Drone x3  
  57  4:20  Extractor  
  57  4:22  Overlord  
  59  4:31  Zergling x16  
  59  4:36  Zergling x4  
  59  4:37  Zergling x4  
  70  4:39  Zergling x4  
  72  4:46  Zerg Melee Weapons Level 1, Zerg Ground Armor Level 1  
  72  4:54  Baneling Nest  
  72  4:59  Drone x3  
  74  5:00  Zergling x6  
  74  5:01  Overlord  
  74  5:05  Queen  
  79  5:07  Queen  
  79  5:08  Drone  
  81  5:19  Lair  
  81  5:21  Drone x6  
  84  5:22  Drone x2  
  89  5:31  Spore Crawler  
  89  5:32  Overlord  
  89  5:33  Overlord  
  89  5:34  Spore Crawler x2  
  89  5:35  Zergling x4  
  88  5:44  Baneling  
  88  5:45  Baneling x5  
  88  5:46  Baneling x2  
  88  5:47  Zergling x4  
  90  5:50  Extractor  
  90  5:52  Extractor  
  90  5:53  Zergling x8  
  90  5:54  Zergling x2  
  90  5:55  Drone x3  
  96  5:57  Overlord  
  96  6:01  Drone  
  96  6:02  Drone  
  97  6:06  Extractor x2  
  97  6:10  Drone x2  
  97  6:11  Drone  
  98  6:14  Drone x3  
  98  6:15  Drone x2  
  103  6:18  Overlord x2  
  103  6:20  Drone x3  
  106  6:27  Centrifical Hooks  
  106  6:33  Overlord  
  106  6:36  Drone x2  
  106  6:37  Zergling x6  
  106  6:38  Zergling x2  
  112  6:49  Zerg Ground Armor Level 2, Zerg Melee Weapons Level 2  
  112  6:57  Spire  
  111  7:02  Zergling x16  
  119  7:12  Pneumatized Carapace  
  119  7:13  Zergling x14  
  119  7:15  Hatchery  
  125  7:17  Drone  
  126  7:23  Drone x2  
  126  7:24  Hatchery  
  126  7:28  Baneling x2  
  126  7:29  Baneling x6  
  127  7:33  Zergling x10  
  132  7:39  Overlord  
  132  7:40  Overlord  
  132  7:42  Zergling x2  
  132  7:43  Zergling x4  
  124  8:11  Mutalisk x9  
  133  8:14  Zergling x2  
  133  8:15  Zergling x10  
  138  8:24  Zergling x4  
  138  8:26  Zergling x2  
  138  8:27  Zergling x8  
  138  8:32  Zergling x2  
  138  8:34  Baneling x10  
  126  8:35  Zergling x2  
  122  8:42  Zergling x10  
  122  8:44  Zergling x2  
  122  8:46  Zergling x2  
  122  8:47  Zergling x4  
  126  8:53  Zergling x2  
  123  8:59  Mutalisk x2  
  123  9:00  Mutalisk x2  
  116  9:04  Zergling x6  
  116  9:08  Zergling x2  
  116  9:09  Zergling x2  
  112  9:12  Zergling x4  
  112  9:15  Mutalisk  
  112  9:16  Mutalisk  
  115  9:20  Zergling x4  
  115  9:21  Zergling x4  
  115  9:23  Mutalisk  
  120  9:24  Zergling x2  
  120  9:29  Zergling x2  
  120  9:30  Zergling x2  
  120  9:31  Zergling x2  
  120  9:36  Zergling x4  
  122  9:40  Baneling x2  
  122  9:41  Baneling x2  
  122  9:42  Zergling x8  
  122  9:46  Zergling x2  
  122  9:47  Zergling x20  
  122  9:49  Zergling x2  
  122  9:52  Mutalisk  
  129  9:53  Mutalisk x2  
  129  9:59  Mutalisk  
  125  10:00  Zergling x2  
  125  10:06  Zergling x2  
  124  10:07  Zergling x8  
  124  10:08  Zergling x6  
  124  10:09  Zergling x4  
  124  10:13  Zergling x6  
  135  10:14  Mutalisk x2  
  135  10:16  Extractor  
  135  10:20  Baneling x4  
  137  10:22  Zergling x6  
  137  10:25  Zergling x4  
  142  10:30  Drone x2  
  144  10:36  Mutalisk x2  
  144  10:38  Drone x3  
  144  10:39  Drone x3  
  154  10:46  Mutalisk  
  154  10:47  Overlord x2  
  156  10:54  Zergling x6  
  156  10:55  Zergling x2  
  160  11:05  Zergling x4  
  160  11:09  Mutalisk x2  
  166  11:11  Zergling x4  
  166  11:12  Zergling x2  
  166  11:14  Baneling x7  
  166  11:16  Zergling x10  
Show
View Real Time Build Order
Export as new Build Order

HeltEn Terran 

Build Orders: Reaper Expand, MMM Bio 

Get SALT Encoding   

  12  0:00  SCV  
  13  0:13  SCV  
  14  0:17  Supply Depot  
  14  0:25  SCV  
  15  0:39  SCV  
  15  0:40  Barracks  
  16  0:44  Refinery  
  16  0:51  SCV  
  17  1:03  SCV  
  18  1:16  SCV  
  19  1:27  Reaper  
  19  1:28  Orbital Command  
  20  1:40  Command Center  
  20  1:51  Barracks  
  20  1:54  SCV  
  20  2:00  Barracks Reactor  
  21  2:06  Supply Depot  
  21  2:08  SCV  
  22  2:12  Refinery  
  22  2:21  SCV  
  23  2:24  Factory  
  23  2:33  SCV  
  23  2:37  Marine x2  
  26  2:52  SCV  
  26  2:54  Marine  
  26  2:58  Marine  
  30  2:59  Barracks Tech Lab  
  30  3:02  Orbital Command  
  29  3:08  SCV  
  29  3:11  Starport  
  29  3:12  Marine  
  30  3:14  Factory Reactor  
  30  3:16  Marine  
  32  3:22  Marine  
  32  3:25  SCV  
  34  3:28  Stimpack  
  34  3:30  SCV  
  34  3:32  Marine  
  34  3:34  Marine  
  36  3:38  SCV  
  38  3:42  SCV  
  38  3:43  Marine  
  40  3:50  SCV  
  40  3:51  Marine  
  40  3:54  SCV  
  43  3:56  Marine  
  43  4:00  Medivac  
  46  4:07  Marine  
  46  4:08  Medivac, SCV  
  46  4:09  SCV  
  51  4:11  Supply Depot  
  51  4:13  Supply Depot  
  51  4:15  Marine x2  
  53  4:22  SCV  
  54  4:24  Barracks  
  54  4:29  Engineering Bay  
  54  4:32  Marine, SCV  
  54  4:33  Marine  
  54  4:34  Factory Tech Lab  
  57  4:48  Marine  
  57  4:50  Marine  
  57  4:51  SCV x2  
  61  4:52  Supply Depot  
  61  4:59  Marine  
  62  5:09  Siege Tank, Marine x2  
  62  5:10  SCV x2  
  69  5:18  Marine  
  69  5:20  Barracks Reactor  
  74  5:23  Refinery  
  74  5:24  SCV x2  
  74  5:25  Refinery  
  74  5:27  Marine x2  
  78  5:35  Terran Infantry Weapons Level 1  
  74  5:37  Combat Shields  
  74  5:39  Barracks  
  74  5:40  Barracks, Marine  
  75  5:43  SCV  
  76  5:50  SCV  
  76  5:52  Marine  
  78  5:58  Supply Depot  
  78  5:59  Marine  
  78  6:00  SCV  
  80  6:11  Marine x3  
  80  6:12  Marine  
  80  6:16  Medivac  
  86  6:19  Supply Depot, Medivac  
  86  6:20  Supply Depot  
  86  6:22  Supply Depot, Marine  
  89  6:28  Siege Tank  
  89  6:29  Barracks Reactor  
  89  6:31  Barracks Reactor  
  92  6:35  SCV  
  92  6:36  SCV  
  94  6:40  Marine  
  94  6:45  Marine x3  
  98  6:47  SCV  
  98  6:48  SCV  
  100  6:55  Marine  
  100  6:59  Supply Depot, Marine  
  100  7:00  Supply Depot  
  102  7:01  Supply Depot  
  102  7:05  Siege Tank  
  105  7:13  Marine  
  105  7:14  Marine x4  
  110  7:23  Marine x3  
  110  7:24  Marine  
  110  7:25  Medivac x2  
  118  7:31  Marine  
  118  7:33  Marine x3  
  118  7:34  Marine  
  123  7:37  Terran Infantry Armor Level 1  
  123  7:41  Marine  
  116  7:54  Marine  
  116  7:55  Marine x5  
  116  7:56  Siege Tank  
  122  8:11  Marine  
  122  8:12  Marine  
  119  8:15  Marine x3  
  119  8:16  Marine  
  119  8:19  Marine x3  
  115  8:29  Marine x2  
  115  8:32  SCV  
  115  8:33  Marine x3, SCV  
  103  8:34  Marine  
  103  8:35  Siege Tank  
  103  8:37  Marine x3  
  103  8:38  Medivac x2  
  114  8:47  Marine x2  
  115  8:51  Marine x3  
  115  8:52  Marine  
  115  8:55  Marine x3  
  114  9:05  Marine x2  
  114  9:08  Marine  
  114  9:09  Marine x2  
  116  9:10  Marine  
  116  9:13  Marine x3  
  120  9:23  Marine x2  
  122  9:27  Medivac x2, Marine  
  122  9:28  Marine x3  
  122  9:31  Marine x3  
  133  9:41  Marine  
  133  9:43  Marine  
  132  9:45  Marine x2  
  132  9:47  Marine x2  
  101  10:00  Marine x3  
  101  10:01  Marine x2  
  101  10:03  Marine  
  93  10:08  Marine  
  93  10:09  Marine x2  
  93  10:10  Siege Tank  
  93  10:12  Medivac x2  
  103  10:18  Marine x2  
  103  10:19  Marine x2  
  105  10:25  Concussive Shells  
  108  10:31  Engineering Bay, Armory  
  110  10:42  Medivac, Command Center  
  105  10:49  Marine  
  107  10:50  Marine x2  
  107  10:55  Marine x3  
  113  10:57  Marine  
  114  11:05  Factory Reactor  
  114  11:09  Marine x3  
  114  11:10  Factory, Marine  
  118  11:11  Marine  
  118  11:14  Marine  
Tags
 
Add a new tag
Caveats
  • Supply blocks, unpowered buildings, or Contaminate may cause inaccurate times.
  • Supply counts are checked every 10 seconds.